 Dungeon Crawl Stone Soup version 0.22.0 (webtiles) character file.

5653 CyclopB the Cleaver (level 11, 0/77 HPs)
             Began as a Formicid Fighter on Jan 22, 2019.
             Was a Priest of Qazlal.
             Splashed by an orc warrior's acid (6 damage)
             ... on level 9 of the Dungeon.
             The game lasted 00:29:03 (8276 turns).

CyclopB the Cleaver (Formicid Fighter)              Turns: 8276, Time: 00:29:04

Health: 0/77       AC: 10    Str: 22    XL:     11   Next: 4%
Magic:  11/11      EV: 13    Int:  9    God:    Qazlal [***...]
Gold:   509        SH: 15    Dex: 11    Spells: 10/10 levels left

rFire    . . .     SeeInvis +   a - +0 war axe
rCold    . . .     Gourm    .   c - +0 shield
rNeg     . . .     Faith    .   b - +0 scale mail
rPois    +         Spirit   .   (helmet unavailable)
rElec    .         Reflect  .   O - +1 cloak
rCorr    .         Harm     .   y - +0 pair of gloves
MR       +....                  (no boots)
Stlth    ..........             D - amulet of regeneration
HPRegen  0.62/turn              p - +4 ring of evasion
MPRegen  0.12/turn              E - ring of poison resistance

@: no status effects
A: permanent stasis, dig shafts and tunnels, four strong arms, antennae 3
a: Dig, Shaft Self, Upheaval, Elemental Force, Renounce Religion


You were on level 9 of the Dungeon.
You worshipped Qazlal.
Qazlal was most pleased with you.
You were not hungry.

You visited 2 branches of the dungeon, and saw 10 of its levels.

You collected 509 gold pieces.

Inventory:

Hand Weapons
 a - a +0 war axe (weapon)
 C - a cursed +2 morningstar of freezing
Missiles
 l - 21 tomahawks
 q - 128 arrows
 v - 263 stones (quivered)
 w - 49 sling bullets
 A - 8 bolts
 G - 15 tomahawks of dispersal
Armour
 b - a +0 scale mail (worn)
 c - a +0 shield (worn)
 y - a +0 pair of gloves (worn)
 O - a +1 cloak (worn)
Magical Staves
 H - an uncursed staff of conjuration
Jewellery
 h - an uncursed ring of positive energy
 p - a +4 ring of evasion (left hand)
 D - an amulet of regeneration (around neck)
 E - a ring of poison resistance (right hand)
 M - an uncursed ring of ice {unknown}
Wands
 j - a wand of disintegration (7)
 u - a wand of flame (20)
 L - a wand of acid (6)
Scrolls
 e - 2 scrolls of enchant armour {unknown}
 i - 2 scrolls of fog
 k - a scroll of immolation {unknown}
 m - 3 scrolls of remove curse
 o - 5 scrolls of identify
 r - a scroll of enchant weapon {unknown}
 t - a scroll of random uselessness {unknown}
 z - 2 scrolls of amnesia {unknown}
 B - a scroll of acquirement {unknown}
 F - a scroll of fear {unknown}
 J - a scroll of silence {unknown}
 K - a scroll of magic mapping {unknown}
Potions
 d - 3 potions of might
 g - a potion of heal wounds {unknown}
 s - a potion of curing
 I - a potion of brilliance {unknown}
Comestibles
 f - 17 rations
 n - 13 chunks of flesh


   Skills:
 - Level 4.0 Fighting
 + Level 13.6 Axes
 - Level 3.2 Armour
 - Level 9.0 Shields


You had 10 spell levels left.
You didn't know any spells.
Your spell library contained the following spells:

 Spells                   Type           Power        Failure   Level  Hunger
 Magic Dart               Conj           #...         71%         1    ##.....
 Conjure Flame            Conj/Fire      #.......     97%         3    ####...
 Slow                     Hex            #.......     85%         2    ###....
 Mephitic Cloud           Conj/Pois/Air  #.......     97%         3    ####...
 Summon Small Mammal      Summ           #...         71%         1    ##.....
 Blink                    Tloc           N/A          85%         2    ###....
 Summon Ice Beast         Ice/Summ       #.......     100%        4    #####..
 Call Imp                 Summ           #.......     85%         2    ###....
 Stone Arrow              Conj/Erth      #.....       97%         3    ####...
 Passwall                 Tmut/Erth      #.......     85%         2    ###....
 Call Canine Familiar     Summ           #.......     97%         3    ####...
 Lee's Rapid Deconstruct  Erth           #.........   100%        5    ######.
 Sandblast                Erth           #.....       71%         1    ##.....
 Petrify                  Tmut/Erth      #.......     100%        4    #####..
 Summon Lightning Spire   Summ/Air       #.......     100%        4    #####..
 Summon Guardian Golem    Hex/Summ       #.......     97%         3    ####...


Dungeon Overview and Level Annotations

Branches:
Dungeon (9/15)             Temple (1/1) D:6            Lair (0/6) D:9
    Orc: D:9-12

Altars:
Ashenzari
Cheibriados
Dithmenos
Elyvilon
Fedhas
Gozag
Hepliaklqana
Kikubaaqudgha
Makhleb
Nemelex Xobeh
Okawaru
Qazlal
Ru
Sif Muna
Trog
Uskayaw
Vehumet
Wu Jian
Xom
Yredelemnul
Zin
The Shining One

Annotations:
D:3 1 runed door
D:7 3 runed doors, milododd's ghost, novice DsFE
D:8 2 transporters, Ihryk's ghost, novice MiFi


Innate Abilities, Weirdness & Mutations

You cannot be hasted, slowed, berserked, paralysed or teleported.
You can dig through walls and to a lower floor.
Your four strong arms can wield two-handed weapons with a shield.
You have a pair of large antennae on your head. (SInv)


Message History

The orc wizard barely misses you.
You closely miss the orc wizard.
The orc wizard is lightly wounded.
You closely miss the orc wizard.
The orc wizard is lightly wounded.
You hear a shout! x2
The orc wizard misses you.
You slash the orc wizard!
You kill the orc wizard!
Qazlal accepts your kill.
The orc warrior zaps a wand.
The bolt of acid hits you!
You are splashed with acid!
The acid burns!
It is a wand of acid (7).
You block the orc's attack.
The orc warrior zaps a wand.
The bolt of acid hits you!
You are splashed with acid!
The acid burns!
* * * LOW HITPOINT WARNING * * *
The orc warrior zaps a wand.
The bolt of acid hits you!
* * * LOW HITPOINT WARNING * * *
You are splashed with acid!
The acid burns!
You die...

...............#...######.
...............# #....#.
...#########...# #....#<
...#.......#...# #....#. {
#.......#...#...#....#.
#<......#).##...#....#)
#.....[.#))#....#...... .
#...##[##..P.PP.#....#.
...#####.@.[.....P(.....#.
........§..♣(...P..P..###.
........o..P........P...†.
............♣.((P.♣P÷.....
............).♣.PPP.P.....
........o......P(.........
###'#####..P....>.P.......
... .......P...P...... #..
.PP...P...........


You could see an orc warrior and an orc.

Vanquished Creatures
  An unseen horror (D:9)
  3 hornets (D:8)
  4 yaks
  A basilisk (D:9)
  A hungry ghost (D:8)
  4 porcupines (D:9)
  6 orc warriors
  A sky beast (D:7)
  A necrophage (D:8)
  A centaur (D:9)
  3 ogres
  3 crocodiles (D:9)
  A bullfrog (D:6)
  3 big kobolds (D:8)
  3 scorpions
  5 wights
  A bullfrog zombie (D:8)
  A howler monkey (D:3)
  A centaur zombie (D:7)
  2 quasits
  A human zombie (D:3)
  2 jellies
  3 gnoll shamans
  2 centaur skeletons
  2 hounds (D:4)
  4 orc priests
  12 orc wizards
  4 worker ants
  2 hound skeletons
  4 adders
  11 gnolls
  2 oozes
  3 adder skeletons
  An adder zombie (D:7)
  2 worms
  2 dart slugs
  2 leopard geckos
  44 orcs
  4 ball pythons
  6 bats
  5 giant cockroaches
  10 goblins
  5 hobgoblins
  9 jackals
  15 kobolds
  3 quokkas
  6 frilled lizards
  2 quokka skeletons
  A rat (D:3)
215 creatures vanquished.

Vanquished Creatures (others)
  An orc wizard (D:5)
  A fungus (D:9)
  4 plants (D:9)
6 creatures vanquished.

Grand Total: 221 creatures vanquished

Notes
Turn   | Place    | Note
-------+----------+-------------------------------------------
     0 | D:1      | CyclopB the Formicid Fighter began the quest for the Orb.
     0 | D:1      | Reached XP level 1. HP: 18/18 MP: 1/1
    55 | D:1      | Reached XP level 2. HP: 23/24 MP: 2/2
   211 | D:1      | Reached XP level 3. HP: 29/29 MP: 3/3
   517 | D:2      | Reached skill level 5 in Shields
   596 | D:2      | Reached XP level 4. HP: 35/35 MP: 4/4
   809 | D:2      | Found a glowing silver altar of Zin.
  1095 | D:3      | Reached skill level 3 in Axes
  1116 | D:3      | Reached XP level 5. HP: 29/41 MP: 5/5
  1537 | D:3      | Found a runed door.
  1537 | D:3      | Noticed a human
  1539 | D:3      | Found a basalt altar of Yredelemnul.
  1893 | D:4      | Noticed an ogre
  1901 | D:4      | Killed an ogre
  1901 | D:4      | Reached skill level 4 in Axes
  1901 | D:4      | Reached XP level 6. HP: 45/47 MP: 6/6
  2546 | D:4      | Noticed an ogre
  2554 | D:4      | Killed an ogre
  2554 | D:4      | Reached skill level 5 in Axes
  2554 | D:4      | Reached XP level 7. HP: 45/52 MP: 7/7
  3377 | D:5      | Entered Level 5 of the Dungeon
  3697 | D:5      | Reached skill level 6 in Axes
  3879 | D:5      | Reached XP level 8. HP: 58/58 MP: 8/8
  4178 | D:5      | Found a glowing golden altar of the Shining One.
  4470 | D:6      | Found a bloodstained altar of Trog.
  4492 | D:6      | Found a sacrificial altar of Ru.
  4602 | D:6      | Found a sparkling altar of Nemelex Xobeh.
  4705 | D:6      | Found a glowing golden altar of the Shining One.
  4706 | D:6      | Found a basalt altar of Yredelemnul.
  4750 | D:6      | Found a staircase to the Ecumenical Temple.
  4763 | Temple   | Entered the Ecumenical Temple
  4815 | Temple   | Became a worshipper of Qazlal Stormbringer
  4851 | D:6      | Reached skill level 7 in Axes
  4962 | D:6      | Found a hide-covered altar of Uskayaw.
  4993 | D:6      | Found a radiant altar of Vehumet.
  5079 | D:6      | Reached skill level 8 in Axes
  5079 | D:6      | Reached XP level 9. HP: 55/64 MP: 9/9
  5389 | D:7      | Found a runed gate.
  5394 | D:7      | Found a runed gate.
  5394 | D:7      | Found a runed gate.
  5397 | D:7      | Noticed milododd's ghost (novice DsFE)
  6462 | D:8      | Reached * piety under Qazlal
  6462 | D:8      | Reached skill level 9 in Axes
  6830 | D:8      | Reached skill level 10 in Axes
  6949 | D:8      | Reached ** piety under Qazlal
  7203 | D:8      | Noticed a hornet
  7205 | D:8      | Noticed a hornet
  7214 | D:8      | Noticed a hornet
  7234 | D:8      | Killed a hornet
  7237 | D:8      | Killed a hornet
  7237 | D:8      | Reached skill level 11 in Axes
  7237 | D:8      | Reached XP level 10. HP: 37/71 MP: 10/10
  7394 | D:8      | Found a burning altar of Makhleb.
  7619 | D:8      | Reached skill level 12 in Axes
  7709 | D:8      | Found a transporter.
  7710 | D:8      | Noticed a two-headed ogre
  7710 | D:8      | Noticed Ihryk's ghost (novice MiFi)
  7712 | D:8      | Found a transporter.
  7985 | D:9      | Found a staircase to the Lair.
  8195 | D:9      | Reached skill level 13 in Axes
  8197 | D:9      | Reached *** piety under Qazlal
  8245 | D:9      | Noticed an unseen horror
  8254 | D:9      | Killed an unseen horror
  8254 | D:9      | Reached XP level 11. HP: 71/77 MP: 11/11
  8276 | D:9      | Splashed by an orc warrior's acid

Skill      XL: |  1  2  3  4  5  6  7  8  9 10 |
---------------+-------------------------------+-----
Shields        | 4 5 6 7 9 |  9.0
Axes           | 3 4 5 6 8 11 13 | 13.6
Fighting       | 4 |  4.0
Armour         | |  3.2

Action                   |  1- 3 |  4- 6 |  7- 9 | 10-12 || total
-------------------------+-------+-------+-------+-------++-------
Melee: War axe           |    80 |   120 |   448 |   198 ||   846
Throw: Stone             |       |     7 |    23 |    24 ||    54
Evoke: Wand              |       |       |     1 |     1 ||     2
  Use: Potion            |       |     2 |     5 |       ||     7
       Scroll            |       |       |     5 |     2 ||     7
  Eat: Chunk             |       |     4 |    13 |     5 ||    22
       Ration            |       |       |     1 |       ||     1
Armor: Scale mail        |    41 |    50 |   107 |    28 ||   226
       Skin              |       |     6 |    25 |       ||    31
Dodge: Dodged            |    30 |    40 |   177 |    48 ||   295
Block: Shield            |    37 |    75 |   232 |   129 ||   473
